 Dungeon Crawl Stone Soup version 0.26-a0-690-gcb57259078 (webtiles) character file.

Game seed: 7966590936028530555

124 marklar909 the Digger (level 5, 0/36 HPs)
             Began as a Formicid Earth Elementalist on Oct 24, 2020.
             Slain by a hobgoblin (2 damage)
             ... led by Robin
             ... on level 3 of the Dungeon.
             The game lasted 00:04:28 (4064 turns).

marklar909 the Digger (Formicid Earth Elementalist) Turns: 4064, Time: 00:04:28

Health: 0/36       AC:  2    Str: 13    XL:     5   Next: 30%
Magic:  6/10       EV: 12    Int: 15    God:
Gold:   286        SH:  0    Dex: 11    Spells: 7/11 levels left

rFire    . . .     SeeInvis +   n - +0 whip
rCold    . . .     Faith    .   (no shield)
rNeg     . . .     Spirit   .   c - +0 robe
rPois    .         Reflect  .   (helmet unavailable)
rElec    .         Harm     .   (no cloak)
rCorr    .         Rampage  .   (no gloves)
MR       .....                  (no boots)
Stlth    ++........             (no amulet)
HPRegen  0.12/turn              (no ring)
MPRegen  0.12/turn              (no ring)

@: very slightly contaminated
A: permanent stasis, dig shafts and tunnels, four strong arms, antennae 3
a: Dig, Shaft Self


You were on level 3 of the Dungeon.
You visited 1 branch of the dungeon, and saw 4 of its levels.

You collected 286 gold pieces.

Inventory:

Hand Weapons
 n - a +0 whip (weapon)
Missiles
 j - 25 stones (quivered)
Armour
 c - a +0 robe (worn)
Jewellery
 m - an uncursed ring of poison resistance {unknown}
Scrolls
 b - a scroll of fog
 d - a scroll of enchant armour {unknown}
 h - a scroll of blinking {unknown}
 k - 2 scrolls of amnesia {unknown}
Potions
 e - a potion of lignification
 g - a potion of mutation
 i - 2 potions of curing


   Skills:
 + Level 0.3 Fighting
 + Level 0.5 Maces & Flails
 + Level 2.2 Dodging
 + Level 3.0 Stealth
 + Level 3.6 Spellcasting
   Level 1.1 Transmutations
 + Level 4.9 Earth Magic


You had 7 spell levels left.
You knew the following spells:

 Your Spells              Type           Power        Failure   Level
a - Sandblast             Erth           ###...       2%          1
b - Stone Arrow           Conj/Erth      ##....       21%         3

Your spell library contained the following spells:

 Spells                   Type           Power        Failure   Level
 Passwall                 Tmut/Erth      ##......     9%          2
 Petrify                  Tmut/Erth      ##......     47%         4
 Lee's Rapid Deconstruct  Erth           ###.......   56%         5


Dungeon Overview and Level Annotations

Branches:
Dungeon (4/15)
 Temple: D:4-7

Altars:
Cheibriados
Fedhas
Nemelex Xobeh


Innate Abilities, Weirdness & Mutations

You cannot be hasted, slowed, berserked, paralysed or teleported.
You can dig through walls and to a lower floor.
Your four strong arms can wield two-handed weapons with a shield.
You have a pair of large antennae on your head. (SInv)


Message History

Confirm with . or Enter, or press ? or * to list all spells.
Aiming: Sandblast (safe; 2% risk of failure)
Press: ? - help, Shift-Dir - straight line, f - hobgoblin
Aim: a hobgoblin (severely wounded)
The blast of sand hits the hobgoblin but does no damage.
The hobgoblin is severely wounded.
j - 26 stones The hobgoblin hits you.
* * * LOW HITPOINT WARNING * * *
Unknown command.
Unknown command.
Casting: Sandblast (safe; 2% risk of failure)
Confirm with . or Enter, or press ? or * to list all spells.
Aiming: Sandblast (safe; 2% risk of failure)
Press: ? - help, Shift-Dir - straight line, f/p - hobgoblin
Aim: a hobgoblin (severely wounded)
The blast of sand misses the hobgoblin.
j - 25 stones The hobgoblin hits you.
You die...

....##.....)..(......#
#.#
....#####.#######♣.♣.#
#.# ....# #..# #.#.#
#.# ##### #..# ♣.♣.#
#.# ##.## #.#.# #.#
#..# #.#.# #.# #..#
#.#.####.#
#..######.#.[....#
##>).)g@..########
##########


You could see a hobgoblin.

Vanquished Creatures
  Robin (D:4)
  2 adders (D:2)
  An ooze (D:1)
  A worm (D:2)
  2 dart slugs
  2 leopard geckos (D:3)
  2 orcs (D:3)
  5 bats
  5 giant cockroaches
  17 goblins
  11 hobgoblins
  13 kobolds
  A quokka (D:3)
  4 frilled lizards
  8 rats
75 creatures vanquished.

Vanquished Creatures (others)
  9 plants (D:3)
9 creatures vanquished.

Grand Total: 84 creatures vanquished

Notes
Turn   | Place    | Note
-------+----------+-------------------------------------------
     0 | D:1      | marklar909 the Formicid Earth Elementalist began the quest
                  | for the Orb.
     0 | D:1      | Reached XP level 1. HP: 13/13 MP: 3/3
   170 | D:1      | Reached skill level 4 in Earth Magic
   170 | D:1      | Reached XP level 2. HP: 19/19 MP: 1/5
   554 | D:1      | Reached XP level 3. HP: 24/24 MP: 4/7
  1303 | D:2      | Learned a level 3 spell: Stone Arrow
  1403 | D:2      | Reached XP level 4. HP: 10/30 MP: 2/8
  2486 | D:2      | Found a snail-covered altar of Cheibriados.
  3027 | D:3      | Found a sparkling altar of Nemelex Xobeh.
  3447 | D:3      | Reached XP level 5. HP: 36/36 MP: 8/10
  3859 | D:4      | Noticed Robin
  3865 | D:4      | Found a blossoming altar of Fedhas.
  3884 | D:4      | Killed Robin
  4064 | D:3      | Slain by a hobgoblin

Illustrated notes

Levels and vault maps discovered:
D:1:      eino_arrival_cavern_d, layout_rooms
D:2:      layout_loops_ring, lemuel_doored_altar, nrook_campfire
D:3:      layout_basic, serial_forest, infiniplex_forest_side_room,
          infiniplex_forest_clump_C, infiniplex_forest_lined_2,
          infiniplex_forest_clump_tiny, infiniplex_forest_straight_4,
          infiniplex_forest_clump_C, infiniplex_forest_lined_2,
          infiniplex_forest_fountain, infiniplex_forest_corner_2,
          nemelex_spade_bored_becter
D:4:      layout_loops_corners, lemuel_crystal_altar, serial_rivers,
          chequers_serial_rivers_micro_c, chequers_serial_rivers_micro_a,
          chequers_serial_rivers_micro_c, chequers_serial_rivers_small_a,
          chequers_serial_rivers_micro_b, kennysheep_small_circle, uniq_edmund,
          uniq_robin

Skill      XL: |  1  2  3  4 |
---------------+-------------+-----
Earth Magic    | 4 |  4.9
Spellcasting   | 3 |  3.6
Dodging        | 2 |  2.2
Stealth        | 3 |  3.0
Fighting       | |  0.3
Maces & Flails | |  0.5
Transmutations | |  1.1

Action                   |  1- 3 |  4- 6 || total
-------------------------+-------+-------++-------
Melee: Unarmed           |    18 |       ||    18
       Club              |    30 |    61 ||    91
       Whip              |       |     7 ||     7
 Cast: Sandblast         |    38 |    52 ||    90
  Use: Scroll            |       |     6 ||     6
 Stab: Sleeping          |     2 |     1 ||     3
Armor: Robe              |    13 |    17 ||    30
Dodge: Dodged            |    39 |    64 ||   103

Table legend: (Time is in decaauts)
 A = Elapsed time spent in this place.
 B = Non-inter-level travel time spent in this place.
 C = Inter-level travel time spent in this place.
 D = Time resting spent in this place.
 E = Time spent auto-exploring this place.
 F = Levels seen in this place.
 G = Mean time per level.
                   A        B        C        D        E       F      G
               +--------+--------+--------+--------+--------+-----+--------+
         Total |   4093 |   4003 |     90 |    485 |   2919 |   4 | 1023.2 |
       Dungeon |   4093 |   4003 |     90 |    485 |   2919 |   4 | 1023.2 |
               +--------+--------+--------+--------+--------+-----+--------+

Top non-repeatable levels by time:
     D:2: 1846 daAuts
     D:3: 1208 daAuts
     D:1: 982 daAuts
     D:4: 55 daAuts
